 Dungeon Crawl Stone Soup version 0.25.0-10-g039870ee82 (webtiles) character file.

Game seed: 4433387026011081268

42 Lepercus the Skirmisher (level 3, -4/29 HPs)
             Began as a Human Fighter on June 23, 2020.
             Was an Initiate of the Shining One.
             Slain by a scorpion (5 damage)
             ... on level 2 of the Dungeon.
             The game lasted 00:04:45 (673 turns).

Lepercus the Skirmisher (Human Fighter)              Turns: 673, Time: 00:04:46

Health: -4/29      AC:  6    Str: 17    XL:     3   Next: 77%
Magic:  3/3        EV:  7    Int:  8    God:    the Shining One [......]
Gold:   19         SH:  9    Dex: 12    Spells: 2/2 levels left

rFire    . . .     SeeInvis .   a - +0 long sword
rCold    . . .     Gourm    .   c - +0 kite shield
rNeg     . . .     Faith    .   b - +0 scale mail
rPois    .         Spirit   .   (no helmet)
rElec    .         Reflect  .   (no cloak)
rCorr    .         Harm     .   (no gloves)
MR       .....                  (no boots)
Stlth    ..........             (no amulet)
HPRegen  0.09/turn              (no ring)
MPRegen  0.08/turn              (no ring)

@: mighty, lethally poisoned (-4 -> -11), glowing
A: no striking features
a: Renounce Religion


You were on level 2 of the Dungeon.
You worshipped the Shining One.
The Shining One was noncommittal.
You were not hungry.

You visited 1 branch of the dungeon, and saw 2 of its levels.

You collected 19 gold pieces.

Inventory:

Hand Weapons
 a - a +0 long sword (weapon)
Armour
 b - a +0 scale mail (worn)
 c - a +0 kite shield (worn)
Jewellery
 k - an uncursed amulet of regeneration {unknown}
Scrolls
 e - a scroll of amnesia {unknown}
 h - 4 scrolls of identify {unknown}
 i - a scroll of remove curse {unknown}
 l - 2 scrolls of magic mapping {unknown}
 m - a scroll of teleportation {unknown}
Potions
 d - a potion of might
 j - 2 potions of invisibility {unknown}
 n - a potion of ambrosia {unknown}
 o - a potion of berserk rage {unknown}
Comestibles
 f - 3 rations
 g - 2 chunks of flesh


   Skills:
 + Level 3.4 Fighting
 + Level 2.5 Long Blades
 + Level 3.4 Armour
 + Level 3.3 Shields


You had 2 spell levels left.
You didn't know any spells.
Your spell library was empty.

Dungeon Overview and Level Annotations

Branches:
Dungeon (2/15)

Altars:
The Shining One


Message History

The goblin completely misses you.
You hit the scorpion but do no damage.
The scorpion is lightly wounded.
* * * LOW HITPOINT WARNING * * *
You feel sick.
The scorpion stings you but does no damage.
The goblin hits you with a +0 club.
* * * LOW HITPOINT WARNING * * *
The scorpion stings you.
* * * LOW HITPOINT WARNING * * *
You completely miss the scorpion.
The scorpion is lightly wounded.
* * * LOW HITPOINT WARNING * * *
You feel sick. The goblin hits you but does no damage. The scorpion stings you.
* * * LOW HITPOINT WARNING * * *
The goblin hits you but does no damage.
You feel very mighty all of a sudden.
* * * LOW HITPOINT WARNING * * *
You feel sick. The scorpion stings you.
You die...

# #...#
##.....####
#8## #.###
##...##
...8###.#
#.###
....###.#
....>#..#
....##..##
...8##...#
#8# #..s## #
#..@.#
#....†g..#
#...#.##....#
###...# ###..
#...# . ...).
..... .....


You could see a scorpion and a goblin.

Vanquished Creatures
  2 adders (D:2)
  2 dart slugs
  A leopard gecko (D:2)
  2 bats
  A giant cockroach (D:2)
  2 goblins
  2 hobgoblins
  3 frilled lizards
  3 kobolds
  2 rats (D:1)
20 creatures vanquished.

Notes
Turn   | Place    | Note
-------+----------+-------------------------------------------
     0 | D:1      | Lepercus the Human Fighter began the quest for the Orb.
     0 | D:1      | Reached XP level 1. HP: 18/18 MP: 1/1
   206 | D:1      | Reached XP level 2. HP: 24/24 MP: 2/2
   419 | D:2      | Reached XP level 3. HP: 29/29 MP: 3/3
   434 | D:2      | Found a glowing golden altar of the Shining One.
   532 | D:2      | Became a worshipper of the Shining One
   584 | D:2      | Noticed a scorpion
   673 | D:2      | HP: 1/29 [poisoned by a scorpion]
   673 | D:2      | Slain by a scorpion

Illustrated notes

Levels and vault maps discovered:
D:1:      nicolae_arrival_memento_mori, layout_loops_ring, minmay_cut_off
D:2:      layout_rooms, tso_metal_star, gammafunk_temple_overflow_arena,
          nicolae_overflow_hidden_temple, lemuel_coloured_pillars_altar,
          uniq_natasha

Action                   || total
-------------------------++-------
Melee: Long sword        ||    68
  Use: Potion            ||     1
Armor: Scale mail        ||    29
Dodge: Dodged            ||    23
Block: Kite shield       ||    42
       Rpst.: Long sword ||     7
